Map: Eternal Empire LE

Players

HuShang

  • Race: Protoss Protoss
  • League: Master
  • Spawn Location: 1:00

A.I. 2 (Very Easy) - Winner!

  • Race: Terran Terran
  • Spawn Location: 7:00

VOD

Have the link to the VOD?

Description

Time

  • Played on: Sept. 9, 2020, 4:12 a.m.
  • Length: 3:20
Show
View Real Time Build Order
Export as new Build Order

HuShang Protoss 

Build Orders: 1 Gate Expand 

Get SALT Encoding   

  6  0:01  Probe  
  13  0:13  Probe  
  14  0:18  Pylon  
  14  0:25  Probe (Chrono Boost)  
  15  0:37  Probe (Chrono Boost)  
  15  0:41  Gateway  
  16  0:45  Probe (Chrono Boost)  
  16  0:47  Assimilator  
  17  0:51  Probe  
  18  1:03  Probe  
  19  1:16  Probe  
  20  1:25  Nexus  
  20  1:35  Cybernetics Core  
  20  1:38  Probe  
  21  1:43  Assimilator  
  21  1:50  Probe  
  22  1:54  Pylon  
  22  2:02  Probe  
  23  2:09  Stalker (Chrono Boost)  
  23  2:14  Probe  
  26  2:26  Probe  
  27  2:30  Robotics Facility  
  27  2:35  Stalker  
  29  2:38  Probe  
  29  2:39  Probe  
  31  2:50  Probe  
  31  2:51  Probe  
  33  2:57  Gateway  
  33  3:01  Gateway  
  33  3:03  Probe  
  34  3:06  Probe  
Show
View Real Time Build Order
Export as new Build Order

A.I. 2 (Very Easy) Terran - Winner!

Build Orders: Reaper Expand 

Get SALT Encoding   

  6  0:00  SCV  
  13  0:13  SCV  
  14  0:18  Supply Depot  
  14  0:42  Barracks  
  14  1:04  Command Center  
  14  1:30  Marine  
  14  1:32  Orbital Command, Supply Depot  
  15  1:38  Refinery  
  15  1:50  Refinery  
  15  1:57  SCV  
  16  2:09  SCV  
  17  2:16  SCV  
  17  2:18  Reaper  
  19  2:23  SCV  
  20  2:30  SCV  
  21  2:37  SCV  
  22  2:44  SCV  
  23  2:52  SCV, Refinery  
  24  2:59  SCV  
  26  3:06  SCV  
Tags
 
Add a new tag
Caveats
  • Supply blocks, unpowered buildings, or Contaminate may cause inaccurate times.
  • Supply counts are checked every 10 seconds.